 Dungeon Crawl Stone Soup version 0.24-b1 (webtiles) character file.

Game seed: 9832821324985598182, levelgen mode: deterministic

141 CryoSword the Skirmisher (level 5, 33/42 HPs)
             Began as a Demonspawn Fighter on Oct 13, 2019.
             Quit the game on level 2 of the Dungeon.
             The game lasted 00:04:50 (1686 turns).

CryoSword the Skirmisher (Demonspawn Fighter)       Turns: 1686, Time: 00:04:50

Health: 33/42      AC: 10    Str: 17    XL:     5   Next: 3%
Magic:  5/5        EV: 10    Int:  9    God:
Gold:   55         SH:  0    Dex: 13    Spells: 4/4 levels left

rFire    . . .     SeeInvis .     - Unarmed
rCold    . . .     Gourm    .   (no shield)
rNeg     . . .     Faith    .   g - +3 ring mail
rPois    .         Spirit   .   (no helmet)
rElec    .         Reflect  .   (no cloak)
rCorr    .         Harm     .   (no gloves)
MR       .....                  (no boots)
Stlth    ++........             (no amulet)
HPRegen  0.14/turn              (no ring)
MPRegen  0.09/turn              (no ring)

@: no status effects
A: claws 1, icy blue scales 1, nightstalker 1, spiny 1
a: no special abilities


You were on level 2 of the Dungeon.
You were not hungry.

You visited 1 branch of the dungeon, and saw 2 of its levels.

You collected 55 gold pieces.

Inventory:

Missiles
 e - 28 poisoned darts (quivered)
 o - 6 atropa-tipped darts
Armour
 c - a +0 shield
 g - a +3 ring mail (worn)
   (You found it on level 1 of the Dungeon)
Scrolls
 h - 3 scrolls of identify {@r1}
 i - 2 scrolls of blinking {unknown}
 k - 2 scrolls of enchant weapon {unknown}
 n - a scroll of teleportation {unknown}
 p - a scroll of fear {unknown}
Potions
 a - a potion of degeneration {unknown}
 b - a potion of flight {unknown}
 d - a potion of might
 j - a potion of invisibility {unknown}
 l - a potion of brilliance {unknown}
Comestibles
 f - 3 rations {!d}
 m - 3 chunks of flesh


   Skills:
 + Level 3.7 Fighting
   Level 3.0 Long Blades
 - Level 2.6 Armour
 + Level 1.2 Stealth
 + Level 3.4 Shields
 * Level 1.3 Unarmed Combat


You had 4 spell levels left.
You didn't know any spells.
Your spell library was empty.

Dungeon Overview and Level Annotations

Branches:
Dungeon (2/15)

Altars:
The Shining One


Innate Abilities, Weirdness & Mutations

You have sharp fingernails.
You are partially covered in icy blue scales. (AC +2)
You are slightly more attuned to the shadows.
You are partially covered in sharp spines.


Message History

You see here a scroll labeled ZORIHA YDDU.
You barely miss the gnoll.
The gnoll shouts!
The gnoll barely misses you. x2
You scratch the gnoll.
The gnoll is moderately wounded.
The gnoll hits you.
The gnoll hits you from afar with a +0 spear.
You completely miss the gnoll.
The gnoll is moderately wounded.
The gnoll barely misses you. The gnoll hits you but does no damage.
You barely miss the gnoll.
The gnoll is moderately wounded.
You scratch the gnoll.
The gnoll is severely wounded.
The gnoll hits you. The gnoll barely misses you.
You closely miss the gnoll.
The gnoll is severely wounded.
The gnoll hits you.
The gnoll hits you from afar with a +0 spear.
You are too injured to fight recklessly!
You are too injured to fight recklessly!
You see here a scroll labeled ZORIHA YDDU.
The gnoll barely misses you.
You scratch the gnoll.
The gnoll is almost dead.
The gnoll hits you but does no damage. The gnoll misses you.
You scratch the gnoll.
You kill the gnoll!
Your Unarmed Combat skill increases to level 1!
The gnoll hits you but does no damage.
You see here a jackal skeleton.
You are feeling hungry.
Throwing (i - inventory. (/) - cycle)
e - 32 poisoned darts (quivered)
Press: ? - help, Shift-Dir - straight line, f - gnoll
Aim: a gnoll, wielding a +0 halberd You throw a poisoned dart.
The poisoned dart hits the gnoll.
The gnoll is poisoned.
There is an open door here.
Throwing (i - inventory. (/) - cycle)
e - 31 poisoned darts (quivered)
Press: ? - help, Shift-Dir - straight line, f/p - gnoll
Aim: a gnoll, wielding a +0 halberd (lightly wounded, poisoned)
You throw a poisoned dart. The poisoned dart hits the gnoll.
The gnoll looks even sicker.
The gnoll is lightly wounded.
The gnoll closely misses you.
Throwing (i - inventory. (/) - cycle)
e - 30 poisoned darts (quivered)
Press: ? - help, Shift-Dir - straight line, f/p - gnoll
Aim: a gnoll, wielding a +0 halberd (moderately wounded, poisoned)
You throw a poisoned dart. The poisoned dart hits the gnoll.
The gnoll is moderately wounded.
The gnoll hits you from afar with a +0 halberd.
Throwing (i - inventory. (/) - cycle)
e - 29 poisoned darts (quivered)
Press: ? - help, Shift-Dir - straight line, f/p - gnoll
Aim: a gnoll, wielding a +0 halberd (heavily wounded, poisoned)
You throw a poisoned dart. The poisoned dart hits the gnoll.
The gnoll looks even sicker.
The gnoll is heavily wounded.
You kill the gnoll!
Some of the chunks of flesh in your inventory have rotted away.
The gnoll hits you from afar with a +0 spear.
The gnoll barely misses you.
You barely miss the gnoll. The gnoll hits you but does no damage.
You scratch the gnoll.
The gnoll is heavily wounded.
The gnoll hits you but does no damage.
You scratch the gnoll.
The gnoll is heavily wounded.
The gnoll hits you with a +0 spear.
* * * LOW HITPOINT WARNING * * *
You scratch the gnoll.
The gnoll is almost dead.
The gnoll hits you but does no damage.
You scratch the gnoll.
You kill the gnoll!
You have reached level 5!
Your demonic ancestry asserts itself...
Sharp spines emerge from parts of your body.
You see here a +0 spear.
You start resting.
Eating one of 6 chunks of flesh.
You eat one of the 6 chunks of flesh.
This raw flesh tastes terrible.
Some of the chunks of flesh in your inventory have rotted away.
A hobgoblin comes into view. It is wielding a +0 club.
You barely miss the hobgoblin. The hobgoblin barely misses you.
You scratch the hobgoblin.
The hobgoblin is almost dead.
The hobgoblin closely misses you.
You scratch the hobgoblin but do no damage.
The hobgoblin is almost dead.
The hobgoblin barely misses you.
You closely miss the hobgoblin.
The hobgoblin is almost dead.
The hobgoblin barely misses you.
You scratch the hobgoblin.
You kill the hobgoblin!
No target in view!
p - a scroll labeled PUITSA YKASCH You now have 55 gold pieces (gained 17).
You see here a +0 club.
Are you sure you want to abandon this character and quit the game? (Confirm with "yes".)

#....##.#.#.# #.........
#....##.#.#.###.........
+....##.#...).#.........
#....##.....#)#.........
#.)..#####..#...........
#+###...........############
......................#
........†...).#######.#
.....#.#(#####@..)..#
.....#?#(# #.####.#
###.##g#g# #.#..#.# #. #g#.#
#.#.÷#.# # #.#.#####.#..#.#
#.#...g........#
#.#######.###### #.#
#....... #.# ########


There were no monsters in sight!

Vanquished Creatures
  Terence (D:2)
  2 adders (D:2)
  3 gnolls (D:2)
  2 oozes
  3 worms (D:2)
  A dart slug (D:2)
  6 bats (D:1)
  A giant cockroach (D:1)
  6 goblins
  10 hobgoblins
  4 jackals
  4 kobolds
  5 frilled lizards
  3 rats (D:1)
51 creatures vanquished.

Notes
Turn   | Place    | Note
-------+----------+-------------------------------------------
     0 | D:1      | CryoSword the Demonspawn Fighter began the quest for the
                  | Orb.
     0 | D:1      | Reached XP level 1. HP: 18/18 MP: 1/1
   244 | D:1      | Gained mutation: You are partially covered in icy blue
                  | scales. (AC +2) [demonic ancestry]
   244 | D:1      | Reached XP level 2. HP: 15/24 MP: 2/2
   578 | D:1      | Found a glowing golden altar of the Shining One.
   832 | D:1      | Gained mutation: You are slightly more attuned to the
                  | shadows. [demonic ancestry]
   832 | D:1      | Reached XP level 3. HP: 29/29 MP: 3/3
   999 | D:2      | Noticed Terence
  1011 | D:2      | Killed Terence
  1011 | D:2      | Gained mutation: You have sharp fingernails. [demonic
                  | ancestry]
  1011 | D:2      | Reached XP level 4. HP: 30/35 MP: 4/4
  1276 | D:2      | Reached skill level 1 in Stealth
  1533 | D:2      | Reached skill level 1 in Unarmed Combat
  1585 | D:2      | Gained mutation: You are partially covered in sharp spines.
                  | [demonic ancestry]
  1585 | D:2      | Reached XP level 5. HP: 19/42 MP: 5/5
  1686 | D:2      | Quit the game

Skill      XL: |  1  2  3  4 |
---------------+-------------+-----
Long Blades    | 2 3 |  3.0
Shields        | 3 |  3.4
Stealth        | 1 |  1.2
Unarmed Combat | 1 |  1.3
Fighting       | |  3.7
Armour         | |  2.6

Action                   |  1- 3 |  4- 6 || total
-------------------------+-------+-------++-------
Melee: Long sword        |    99 |       ||    99
       Unarmed           |       |   112 ||   112
       Punch             |       |     1 ||     1
Throw: Dart              |     5 |     4 ||     9
  Use: Scroll            |     1 |       ||     1
 Stab: Sleeping          |     1 |       ||     1
  Eat: Chunk             |       |     3 ||     3
Armor: Scale mail        |    29 |       ||    29
       Ring mail         |    51 |    51 ||   102
Dodge: Dodged            |    75 |    51 ||   126
       Rpst.: Long sword |    22 |       ||    22
